 Dungeon Crawl Stone Soup version 0.24-a0-487-g57318f2 (webtiles) character file.

Game seed: 13163216550705073633

11 ssg the Charmwright (level 2, -2/23 HPs)
             Began as a Barachi Skald on July 10, 2019.
             Slain by a kobold
             ... wielding a +2 whip of electrocution
              (20 damage)
             ... on level 1 of the Dungeon.
             The game lasted 00:01:27 (603 turns).

ssg the Charmwright (Barachi Skald)                  Turns: 603, Time: 00:01:28

Health: -2/23      AC:  3    Str: 12    XL:     2   Next: 25%
Magic:  5/5        EV: 12    Int: 13    God:
Gold:   26         SH:  0    Dex: 11    Spells: 4/5 levels left

rFire    . . .     SeeInvis .   a - +0 falchion
rCold    . . .     Gourm    .   (no shield)
rNeg     . . .     Faith    .   b - +0 leather armour
rPois    .         Spirit   .   (no helmet)
rElec    .         Reflect  .   (no cloak)
rCorr    .         Harm     .   (no gloves)
MR       .....                  (no boots)
Stlth    +.........             (no amulet)
HPRegen  0.07/turn              (no ring)
MPRegen  0.09/turn              (no ring)

@: slow
A: +LOS, swims, slowness 1, strong legs 1
a: Hop


You were on level 1 of the Dungeon.
You were not hungry.

You visited 1 branch of the dungeon, and saw 1 of its levels.

You collected 26 gold pieces.

Inventory:

Hand Weapons
 a - a +0 falchion (weapon)
Armour
 b - a +0 leather armour (worn)
Scrolls
 c - a scroll of remove curse {unknown}
 e - a scroll of immolation {unknown}
Potions
 f - a potion of heal wounds {unknown}
Comestibles
 d - 2 rations


   Skills:
 + Level 2.7 Fighting
 + Level 2.7 Long Blades
 + Level 1.6 Armour
 - Level 2.1 Dodging
 - Level 2.1 Spellcasting
 + Level 3.5 Charms


You had 4 spell levels left.
You knew the following spells:

 Your Spells              Type           Power        Failure   Level  Hunger
a - Infusion              Chrm           ##..         8%          1    ##.....

Your spell library contained the following spells:

 Spells                   Type           Power        Failure   Level  Hunger
 Song of Slaying          Chrm           ##......     12%         2    ###....
 Shroud of Golubria       Chrm/Tloc      #.....       24%         2    ###....
 Regeneration             Chrm/Necr      #.........   43%         3    ####...
 Spectral Weapon          Hex/Chrm       #.......     43%         3    ####...


Dungeon Overview and Level Annotations

Branches:
Dungeon (1/15)

Altars:


Innate Abilities, Weirdness & Mutations

Shadows flee at your approach. (+LOS)
You can swim through water.
You cover ground slowly.
You can hop short distances.


Message History

You see here a mace.
As you open the door, it creaks loudly!
There is an open door here.
Found 13 stones.
Found 7 stones.
You now have 26 gold pieces (gained 9).
d - 2 rations (gained 1)
A kobold comes into view.
It is wielding a +2 whip of electrocution.
The kobold shouts!
The kobold throws a stone.
The stone closely misses you.
The kobold moves out of view.
The kobold throws a stone.
The stone barely misses you.
You see here a stone.
The kobold throws a stone.
The stone barely misses you.
The kobold hits you with a +2 whip of electrocution.
You barely miss the kobold. The kobold completely misses you.
You closely miss the kobold. The kobold barely misses you.
The kobold hits you but does no damage.
You are electrocuted!!
Ouch! That really hurt!
You die...

... #.... ######.#....
#.... ......#.... #....
......... #.... .#..#..#
# #.... ......# .# #....
.. #..#..#..######.###
#..##.K#..#............
##.....@.....#######....
..........$.........(....
........##.##.#######....
.....### #(# # #.###
.###.#####.##.# #.#
#.......(..# #.#
#.#####.##########.#
#............#
#.##########.#


You could see a kobold.

Vanquished Creatures
  A leopard gecko (D:1)
  A giant cockroach (D:1)
  4 jackals (D:1)
  A frilled lizard (D:1)
  A kobold (D:1)
  A rat (D:1)
9 creatures vanquished.

Notes
Turn   | Place    | Note
-------+----------+-------------------------------------------
     0 | D:1      | ssg the Barachi Skald began the quest for the Orb.
     0 | D:1      | Reached XP level 1. HP: 17/17 MP: 3/3
   167 | D:1      | Reached XP level 2. HP: 12/23 MP: 5/5
   603 | D:1      | Slain by a kobold

Levels and vault maps discovered:
D:1:      tarquinn_simple_flora_water_e, layout_basic

Action                   || total
-------------------------++-------
Melee: Falchion          ||    40
 Abil: Hop               ||     1
Armor: Leather armour    ||    15
Dodge: Dodged            ||    35
       Rpst.: Falchion   ||    12

Table legend:
 A = Non-vault XP
 B = Vault XP
 C = Vault XP percentage of total XP
 D = Non-vault monster count
 E = Vault monster count
 F = Vault count percentage of total count
                 A         B        C        D         E       F
            +---------+---------+-------+---------+---------+-------
      Total |      16 |       0 |   0.0 |       9 |       0 |   0.0
            +---------+---------+-------+---------+---------+-------
        D:1 |      16 |       0 |   0.0 |       9 |       0 |   0.0
            +---------+---------+-------+---------+---------+-------
